TOP OF THE 1ST |
San Diego Smashers batting - Pitching for Balzac Rams : RHP Henry Carroll
|
Pitching: RHP Henry Carroll
|
|
Batting: LHB Dale Miller
|
0-0: Ball 1-0: Ball 2-0: Ball 3-0: Called Strike 3-1: Foul Ball, location: 2F 3-2: Foul Ball, location: 2F 3-2: Foul Ball, location: 2F 3-2: Foul Ball, location: 2F 3-2: Strikes out swinging
|
Batting: RHB Gerald Davis
|
0-0: Ball 1-0: Swinging Strike 1-1: Ball 2-1: Called Strike 2-2: Foul Ball, location: 2F 2-2: Foul Ball, location: 2F 2-2: Ball 3-2: Base on Balls
|
Batting: RHB Fred Ameris
|
0-0: Called Strike Gerald Davis steals 2nd base 0-1: Ball 1-1: Ball 2-1: Called Strike 2-2: Ball 3-2: Foul Ball, location: 2F 3-2: Foul Ball, location: 2F 3-2: SINGLE (Line Drive, 89M) Gerald Davis to third
|
Batting: RHB Javier González
|
0-0: SINGLE (Groundball, 56D) Gerald Davis scores Fred Ameris to second
|
Batting: LHB Michael Myers
|
0-0: Fly out, F9 (Line Drive, 9)
|
Batting: RHB Ray Rogers
|
0-0: Foul Ball, location: 2F 0-1: Foul Ball, location: 2F 0-2: Ball 1-2: Ball 2-2: Ground out 1-3 (Groundball, 13S)
|
Top of the 1st over - 1 run(s), 2 hit(s), 0 error(s), 2 left on base; San Diego 1 - Balzac 0 |
BOTTOM OF THE 1ST |
Balzac Rams batting - Pitching for San Diego Smashers : RHP Roberto Carrillo
|
Pitching: RHP Roberto Carrillo
|
|
Batting: RHB Jason Ward
|
0-0: SINGLE (Line Drive, 6)
|
Batting: RHB Tommy Wilson
|
0-0: Foul Ball, location: 2F 0-1: Ball 1-1: Ball 2-1: Swinging Strike 2-2: Foul Ball, location: 2F 2-2: Ball 3-2: Strikes out looking Jason Ward steals 2nd base Batter strikes out.
|
Batting: RHB Santiago Rivera
|
0-0: Ball Jason Ward is caught stealing 3rd base 1-0: Called Strike 1-1: Ground out 5-3 (Groundball, 5L)
|
Bottom of the 1st over - 0 run(s), 1 hit(s), 0 error(s), 0 left on base; San Diego 1 - Balzac 0 |
TOP OF THE 2ND |
San Diego Smashers batting - Pitching for Balzac Rams : RHP Henry Carroll
|
Batting: LHB Gonzalo Benítez
|
0-0: Ball 1-0: Ball 2-0: Foul Ball, location: 2F 2-1: Hit by Pitch
|
Batting: RHB Gustavo Torres
|
0-0: Ball 1-0: Ball 2-0: Ground out 5-3 (Groundball, 56S) Gonzalo Benítez to second
|
Batting: RHB Dave King
|
0-0: Called Strike Gonzalo Benítez steals 3rd base 0-1: Ball 1-1: Foul Ball, location: 2F 1-2: Foul Ball, location: 2F 1-2: 2-RUN HOME RUN (Flyball, 7D), Distance : 409 ft
|
Batting: LHB Dale Miller
|
0-0: Ball 1-0: Foul Ball, location: 2F 1-1: Ball 2-1: Ball 3-1: Base on Balls
|
Batting: RHB Gerald Davis
|
0-0: Foul Ball, location: 2F 0-1: SINGLE (Line Drive, 9S) Dale Miller to second Runner from 2nd tries for 3rd, SAFE, no throw
|
Batting: RHB Fred Ameris
|
0-0: Called Strike Gerald Davis steals 2nd base 0-1: SINGLE (Flyball, 89S) Dale Miller scores Gerald Davis to third
|
Batting: RHB Javier González
|
0-0: Ball 1-0: Called Strike 1-1: Fielders Choice at 2nd, 6-4 (Groundball, 6) Gerald Davis scores
|
Batting: LHB Michael Myers
|
0-0: Called Strike 0-1: Called Strike Javier González steals 2nd base 0-2: Strikes out swinging
|
Top of the 2nd over - 4 run(s), 3 hit(s), 0 error(s), 1 left on base; San Diego 5 - Balzac 0 |
BOTTOM OF THE 2ND |
Balzac Rams batting - Pitching for San Diego Smashers : RHP Roberto Carrillo
|
Batting: RHB Ken Longoria
|
0-0: Foul Ball, location: 2F 0-1: Swinging Strike 0-2: Ball 1-2: Strikes out looking
|
Batting: LHB Carlos Romero
|
0-0: Called Strike 0-1: Swinging Strike 0-2: Strikes out swinging
|
Batting: RHB Lorenzo Silva
|
0-0: Ground out 5-3 (Groundball, 56)
|
Bottom of the 2nd over - 0 run(s), 0 hit(s), 0 error(s), 0 left on base; San Diego 5 - Balzac 0 |
TOP OF THE 3RD |
San Diego Smashers batting - Pitching for Balzac Rams : RHP Henry Carroll
|
Batting: RHB Ray Rogers
|
0-0: Ball 1-0: Called Strike 1-1: Ball 2-1: Foul Ball, location: 2F 2-2: Ball 3-2: Foul Ball, location: 2F 3-2: Foul Ball, location: 2F 3-2: Strikes out swinging
|
Batting: LHB Gonzalo Benítez
|
0-0: SOLO HOME RUN (Flyball, 89XD), Distance : 413 ft
|
Batting: RHB Gustavo Torres
|
0-0: Called Strike 0-1: Ball 1-1: Foul Ball, location: 2F 1-2: Foul Ball, location: 2F 1-2: Strikes out swinging
|
Batting: RHB Dave King
|
0-0: Ball 1-0: Ball 2-0: Ball 3-0: Called Strike 3-1: Foul Ball, location: 2F 3-2: Fly out, F9 (Flyball, 9LS)
|
Top of the 3rd over - 1 run(s), 1 hit(s), 0 error(s), 0 left on base; San Diego 6 - Balzac 0 |
BOTTOM OF THE 3RD |
Balzac Rams batting - Pitching for San Diego Smashers : RHP Roberto Carrillo
|
Batting: RHB Bill Pike
|
0-0: Foul Ball, location: 2F 0-1: Foul Ball, location: 2F 0-2: Strikes out looking
|
Batting: LHB Troy Jackson
|
0-0: Called Strike 0-1: Ball 1-1: Foul Ball, location: 2F 1-2: Strikes out swinging
|
Batting: RHB Ricardo Muñóz
|
0-0: Called Strike 0-1: Called Strike 0-2: Ball 1-2: Ball 2-2: Foul Ball, location: 2F 2-2: Strikes out looking
|
Bottom of the 3rd over - 0 run(s), 0 hit(s), 0 error(s), 0 left on base; San Diego 6 - Balzac 0 |
TOP OF THE 4TH |
San Diego Smashers batting - Pitching for Balzac Rams : RHP Henry Carroll
|
Batting: LHB Dale Miller
|
0-0: Ball 1-0: Foul Ball, location: 2F 1-1: Swinging Strike 1-2: Strikes out swinging
|
Batting: RHB Gerald Davis
|
0-0: Called Strike 0-1: Foul Ball, location: 2F 0-2: Strikes out looking
|
Batting: RHB Fred Ameris
|
0-0: Called Strike 0-1: Called Strike 0-2: Ball 1-2: Foul Ball, location: 2F 1-2: Foul Ball, location: 2F 1-2: Foul Ball, location: 2F 1-2: Strikes out swinging
|
Top of the 4th over - 0 run(s), 0 hit(s), 0 error(s), 0 left on base; San Diego 6 - Balzac 0 |
BOTTOM OF THE 4TH |
Balzac Rams batting - Pitching for San Diego Smashers : RHP Roberto Carrillo
|
Batting: RHB Jason Ward
|
0-0: Called Strike 0-1: Foul Ball, location: 2F 0-2: Ball 1-2: Foul Ball, location: 2F 1-2: Strikes out swinging
|
Batting: RHB Tommy Wilson
|
0-0: Ball 1-0: Ball 2-0: Called Strike 2-1: Swinging Strike 2-2: Foul Ball, location: 2F 2-2: Ball 3-2: Foul Ball, location: 2F 3-2: Base on Balls
|
Batting: RHB Santiago Rivera
|
0-0: Fly out, F8 (Line Drive, 8LD)
|
Batting: RHB Ken Longoria
|
0-0: Ball 1-0: Ball 2-0: Fielders Choice at 2nd, 6-4 (Groundball, 6)
|
Bottom of the 4th over - 0 run(s), 0 hit(s), 0 error(s), 0 left on base; San Diego 6 - Balzac 0 |
TOP OF THE 5TH |
San Diego Smashers batting - Pitching for Balzac Rams : RHP Henry Carroll
|
Pitching: LHP Ben Turner
|
|
Batting: RHB Javier González
|
0-0: Ball 1-0: Called Strike 1-1: Ball 2-1: Ball 3-1: Called Strike 3-2: Strikes out swinging
|
Batting: LHB Michael Myers
|
0-0: Called Strike 0-1: Ball 1-1: Fly out, F8 (Line Drive, 8LM)
|
Batting: RHB Ray Rogers
|
0-0: Ball 1-0: Ball 2-0: Called Strike 2-1: Ground out 5-3 (Groundball, 56S)
|
Top of the 5th over - 0 run(s), 0 hit(s), 0 error(s), 0 left on base; San Diego 6 - Balzac 0 |
BOTTOM OF THE 5TH |
Balzac Rams batting - Pitching for San Diego Smashers : RHP Roberto Carrillo
|
Batting: LHB Carlos Romero
|
0-0: Ball 1-0: Ground out 4-3 (Groundball, 34D)
|
Batting: RHB Lorenzo Silva
|
0-0: Ball 1-0: Ball 2-0: Ball 3-0: Base on Balls
|
Batting: RHB Bill Pike
|
0-0: Ball 1-0: Ball 2-0: Ball 3-0: Called Strike 3-1: Called Strike 3-2: Foul Ball, location: 2F 3-2: Foul Ball, location: 2F 3-2: Base on Balls Lorenzo Silva to second
|
Batting: LHB Troy Jackson
|
0-0: Called Strike 0-1: Swinging Strike 0-2: Fly out, F7 (Line Drive, 78M)
|
Batting: RHB Ricardo Muñóz
|
0-0: Called Strike 0-1: Fly out, F9 (Flyball, 89XD)
|
Bottom of the 5th over - 0 run(s), 0 hit(s), 0 error(s), 2 left on base; San Diego 6 - Balzac 0 |
TOP OF THE 6TH |
San Diego Smashers batting - Pitching for Balzac Rams : LHP Ben Turner
|
Batting: LHB Gonzalo Benítez
|
0-0: Ball 1-0: Ball 2-0: Called Strike 2-1: Ball 3-1: Called Strike 3-2: Base on Balls
|
Batting: RHB Gustavo Torres
|
0-0: Ball 1-0: Ball 2-0: Foul Ball, location: 2F 2-1: Called Strike 2-2: Grounds into double play, 6-4-3 (Groundball, 6)
|
Batting: RHB Dave King
|
0-0: Ball 1-0: Called Strike 1-1: Swinging Strike 1-2: Ball 2-2: Ball 3-2: Base on Balls
|
Batting: LHB Dale Miller
|
0-0: Swinging Strike 0-1: Fly out, F7 (Flyball, 7LMF)
|
Top of the 6th over - 0 run(s), 0 hit(s), 0 error(s), 1 left on base; San Diego 6 - Balzac 0 |
BOTTOM OF THE 6TH |
Balzac Rams batting - Pitching for San Diego Smashers : RHP Roberto Carrillo
|
Batting: RHB Jason Ward
|
0-0: Ball 1-0: Ball 2-0: Foul Ball, location: 2F 2-1: Ground out 1-3 (Groundball, P)
|
Batting: RHB Tommy Wilson
|
0-0: Ball 1-0: Fly out, F5 (Line Drive, 56S)
|
Batting: RHB Santiago Rivera
|
0-0: Called Strike 0-1: Ball 1-1: Ball 2-1: Ball 3-1: Base on Balls
|
Batting: RHB Ken Longoria
|
0-0: Swinging Strike 0-1: Called Strike 0-2: Ball 1-2: Ball 2-2: Foul Ball, location: 2F 2-2: Fly out, F8 (Flyball, 8RM)
|
Bottom of the 6th over - 0 run(s), 0 hit(s), 0 error(s), 1 left on base; San Diego 6 - Balzac 0 |
TOP OF THE 7TH |
San Diego Smashers batting - Pitching for Balzac Rams : LHP Ben Turner
|
Batting: RHB Gerald Davis
|
0-0: Ball 1-0: Ball 2-0: Called Strike 2-1: Ball 3-1: Base on Balls
|
Batting: RHB Fred Ameris
|
0-0: Called Strike 0-1: Ball 1-1: Called Strike 1-2: Foul Ball, location: 2F 1-2: Ball 2-2: Fly out, F6 (Popup, 6M)
|
Batting: RHB Javier González
|
0-0: Ball Gerald Davis steals 2nd base 1-0: Ball 2-0: Foul Ball, location: 2F 2-1: Foul Ball, location: 2F 2-2: Ball 3-2: Fly out, F9 (Flyball, 9S)
|
Batting: LHB Michael Myers
|
0-0: Ball 1-0: Fly out, F5 (Line Drive, 5)
|
Top of the 7th over - 0 run(s), 0 hit(s), 0 error(s), 1 left on base; San Diego 6 - Balzac 0 |
BOTTOM OF THE 7TH |
Balzac Rams batting - Pitching for San Diego Smashers : RHP Roberto Carrillo
|
Batting: LHB Carlos Romero
|
0-0: Called Strike 0-1: Ball 1-1: Ball 2-1: Ground out 6-3 (Groundball, 6)
|
Batting: RHB Lorenzo Silva
|
0-0: Called Strike 0-1: Fly out, F5 (Line Drive, 56)
|
Batting: RHB Bill Pike
|
0-0: Called Strike 0-1: Called Strike 0-2: Ball 1-2: SINGLE (Groundball, 6MD)
|
Pitching: RHP Martin Miller
|
|
Batting: LHB Troy Jackson
|
0-0: Ball 1-0: Foul Ball, location: 2F 1-1: SINGLE (Flyball, 8LS) Bill Pike to second
|
Batting: RHB Ricardo Muñóz
|
0-0: Fielders Choice at 2nd, 6-4 (Groundball, 6)
|
Bottom of the 7th over - 0 run(s), 2 hit(s), 0 error(s), 1 left on base; San Diego 6 - Balzac 0 |
TOP OF THE 8TH |
San Diego Smashers batting - Pitching for Balzac Rams : LHP Ben Turner
|
Batting: RHB Ray Rogers
|
0-0: Called Strike 0-1: SINGLE (Groundball, 56D)
|
Batting: LHB Gonzalo Benítez
|
0-0: SINGLE (Groundball, 34) (infield hit) Ray Rogers to second
|
Batting: RHB Gustavo Torres
|
0-0: Foul Ball, location: 2F 0-1: SINGLE (Groundball, 34D) Ray Rogers to third Gonzalo Benítez to second
|
Pitching: RHP José Cota
|
|
Batting: RHB Dave King
|
0-0: Foul Ball, location: 2F 0-1: Swinging Strike 0-2: Ball 1-2: Foul Ball, location: 2F 1-2: Strikes out swinging
|
Batting: LHB Dale Miller
|
0-0: Foul Ball, location: 2F 0-1: Called Strike 0-2: Foul Ball, location: 2F 0-2: Strikes out looking
|
Batting: RHB Gerald Davis
|
0-0: Fielders Choice at 2nd, 6-4 (Groundball, 6)
|
Top of the 8th over - 0 run(s), 3 hit(s), 0 error(s), 2 left on base; San Diego 6 - Balzac 0 |
BOTTOM OF THE 8TH |
Balzac Rams batting - Pitching for San Diego Smashers : RHP Martin Miller
|
Batting: RHB Jason Ward
|
0-0: Ball 1-0: Ball 2-0: Ball 3-0: Called Strike 3-1: Ground out 6-3 (Groundball, 6)
|
Batting: RHB Tommy Wilson
|
0-0: Called Strike 0-1: Ball 1-1: Ball 2-1: SINGLE (Line Drive, 9LS)
|
Batting: RHB Santiago Rivera
|
0-0: Ball 1-0: Ball 2-0: SINGLE (Line Drive, 56) Tommy Wilson to second
|
Batting: RHB Ken Longoria
|
0-0: Ball 1-0: Foul Ball, location: 2F 1-1: Foul Ball, location: 2F 1-2: Strikes out looking
|
Batting: LHB Carlos Romero
|
0-0: Ball 1-0: Ground out 3-1 (Groundball, 34)
|
Bottom of the 8th over - 0 run(s), 2 hit(s), 0 error(s), 2 left on base; San Diego 6 - Balzac 0 |
TOP OF THE 9TH |
San Diego Smashers batting - Pitching for Balzac Rams : RHP José Cota
|
Batting: RHB Fred Ameris
|
0-0: Ball 1-0: Called Strike 1-1: Called Strike 1-2: Fly out, F9 (Flyball, 9)
|
Batting: RHB Javier González
|
0-0: Called Strike 0-1: Ball 1-1: Fly out, F7 (Flyball, 7LM)
|
Batting: LHB Michael Myers
|
0-0: Called Strike 0-1: Fly out, F6 (Line Drive, 6D)
|
Top of the 9th over - 0 run(s), 0 hit(s), 0 error(s), 0 left on base; San Diego 6 - Balzac 0 |
BOTTOM OF THE 9TH |
Balzac Rams batting - Pitching for San Diego Smashers : RHP Martin Miller
|
Now at SS: Walt Rodgers
|
|
Batting: RHB Lorenzo Silva
|
0-0: Ball 1-0: Foul Ball, location: 2F 1-1: Called Strike 1-2: Ball 2-2: Foul Ball, location: 2F 2-2: Fly out, F8 (Flyball, 8LM)
|
Batting: RHB Bill Pike
|
0-0: Ball 1-0: Swinging Strike 1-1: Called Strike 1-2: Ball 2-2: Ball 3-2: Base on Balls
|
Batting: LHB Troy Jackson
|
0-0: Ball 1-0: Swinging Strike 1-1: Ground out 3-1 (Groundball, 34) Bill Pike to second
|
Batting: RHB Ricardo Muñóz
|
0-0: Called Strike 0-1: DOUBLE (Line Drive, 7LS) Bill Pike scores
|
Pitching: LHP Mike Stevens
|
|
Batting: RHB Jason Ward
|
0-0: Called Strike 0-1: Ball 1-1: Ball 2-1: Ball 3-1: Base on Balls
|
Batting: RHB Tommy Wilson
|
0-0: Ball 1-0: Fly out, F3 (Popup, 34)
|
Bottom of the 9th over - 1 run(s), 1 hit(s), 0 error(s), 2 left on base; San Diego 6 - Balzac 1 |
|